 Dungeon Crawl Stone Soup version 0.29-a0-577-gafbf2c5d25 (webtiles) character file.

Game seed: 15297082211006784863

41 DocClef the Sneak (level 3, -2/33 HPs)
             Began as a Draconian Delver on June 13, 2022.
             Slain by an adder (4 damage)
             ... on level 5 of the Dungeon.
             The game lasted 00:00:28 (54 turns).

DocClef the Sneak (Draconian Delver)                  Turns: 54, Time: 00:00:29

Health: -2/33      AC:  5    Str: 14    XL:     3   Next: 32%
Magic:  3/3        EV: 12    Int: 10    God:
Gold:   0          SH:  0    Dex: 14    Spells: 2/2 levels left

rFire   . . .      SeeInvis .   g - +2 arbalest (vorpal)
rCold   . . .      Faith    .   (shield currently unavailable)
rNeg    . . .      Spirit   .   (body armour unavailable)
rPois   .          Reflect  .   (helmet restricted)
rElec   .          Harm     .   (no cloak)
rCorr   .          Rampage  .   (no gloves)
Will    .....                   (no boots)
Stlth   +++.......              (no amulet)
HPRegen 0.11/turn               (no ring)
MPRegen 0.08/turn               (no ring)

@: no status effects
A: AC +5, unfitting armour, cold-blooded
a: no special abilities


You were on level 5 of the Dungeon.
You visited 1 branch of the dungeon, and saw 1 of its levels.

Inventory:

Hand Weapons
 a - a +0 short sword
 g - a +2 vorpal arbalest (weapon)
Wands
 f - a wand of digging (3)
Scrolls
 b - a scroll of fog
 c - a scroll of magic mapping
 d - a scroll of fear
Potions
 e - a potion of haste


   Skills:
 + Level 3.7 Fighting
 + Level 2.5 Short Blades
 + Level 2.2 Dodging
 + Level 4.8 Stealth


You had 2 spell levels left.
You didn't know any spells.
Your spell library was empty.

Dungeon Overview and Level Annotations

Branches:
Dungeon (5/15)
 Temple: D:4-7

Altars:


Innate Abilities, Weirdness & Mutations

Your plain brown scales are hard. (AC +5)
You cannot fit into any form of body armour.
You are cold-blooded and may be slowed by cold attacks.


Message History

The gnoll is almost dead.
The gnoll completely misses you. The gnoll hits you but does no damage.
You shoot a bolt. The bolt hits the gnoll.
You kill the gnoll!
The gnoll barely misses you.
You have reached level 3!
Your experience leads to an increase in your attributes!
Increase (S)trength, (I)ntelligence, or (D)exterity?
You feel agile. x2; Your scales feel tougher.
You shoot a bolt. The bolt hits the gnoll.
The gnoll is heavily wounded.
The gnoll hits you with a +0 flail. The gnoll hits you with a +0 flail!
* * * LOW HITPOINT WARNING * * *
Really attack while wielding your +2 vorpal arbalest?
Okay, then.
An adder comes into view.
The adder moves out of view.
The gnoll attacks as you move away! The gnoll closely misses you.
Shoot: g) +2 arbalest (vorpal)
Press: ? - help, Shift-Dir - straight line, f/p - gnoll
Aim: a gnoll, wielding a +0 flail (heavily wounded, 63% to hit)
You shoot a bolt. The bolt barely misses the gnoll.
The adder hisses angrily.
The gnoll barely misses you. The adder bites you but does no damage.
The gnoll barely misses you.
Shoot: g) +2 arbalest (vorpal)
Press: ? - help, Shift-Dir - straight line, f/p - gnoll
Aim: a gnoll, wielding a +0 flail (heavily wounded, 63% to hit)
You shoot a bolt. The bolt hits the gnoll!
You kill the gnoll!
The adder closely misses you. The scorpion closely misses you.
The adder bites you.
* * * LOW HITPOINT WARNING * * *
Shoot: g) +2 arbalest (vorpal)
Press: ? - help, Shift-Dir - straight line, f - adder
Aim: an adder (40% to hit)
You shoot a bolt. The bolt misses the adder.
The scorpion stings you but does no damage.
The adder bites you.
You die...

###.....#
#.......##
#........#
#...#.#..#
#.....#..#
#.<......#
####........#
.......S...##
.######@####
####s#### #
#.......# .#
#.##.##.# #.## #
#.##)#######....
#.....(s##...#
####.##g#...##
...##......#
#.#######).#....#


You could see a scorpion and an adder.

Vanquished Creatures
  4 gnolls (D:5)
4 creatures vanquished.

Notes
Turn   | Place    | Note
-------+----------+-------------------------------------------
     0 | D:5      | DocClef the Draconian Delver began the quest for the Orb.
     0 | D:5      | Reached XP level 1. HP: 19/19 MP: 1/1
    35 | D:5      | Noticed a scorpion
    36 | D:5      | Reached XP level 2. HP: 26/26 MP: 2/2
    47 | D:5      | Reached XP level 3. HP: 18/33 MP: 3/3
    54 | D:5      | Slain by an adder

Illustrated notes

Levels and vault maps discovered:
D:5:      layout_loops_cross, minmay_temple_entry_overgrown,
          uniq_crazy_yiuf_cottage, uniq_duvessa, uniq_ijyb

Skill      XL: |  1 |
---------------+----+-----
Dodging        | 2 |  2.2
Fighting       | |  3.7
Short Blades   | |  2.5
Stealth        | |  4.8

Action                   || total
-------------------------++-------
 Fire: Arbalest          ||    14
Armor: Skin              ||     4
Dodge: Dodged            ||    13

Table legend: (Time is in decaauts)
 A = Elapsed time spent in this place.
 B = Non-inter-level travel time spent in this place.
 C = Inter-level travel time spent in this place.
 D = Time resting spent in this place.
 E = Time spent auto-exploring this place.
 F = Levels seen in this place.
 G = Mean time per level.
                   A        B        C        D        E       F      G
               +--------+--------+--------+--------+--------+-----+--------+
         Total |     63 |     63 |      0 |      0 |     24 |   1 |   63.0 |
       Dungeon |     63 |     63 |      0 |      0 |     24 |   1 |   63.0 |
               +--------+--------+--------+--------+--------+-----+--------+

Top non-repeatable levels by time:
     D:5: 63 daAuts
